 Dungeon Crawl Stone Soup version 0.28-a0-1152-g9c71ebef14 (webtiles) character file.

Game seed: 2006481116475928843

149 bande the Skirmisher (level 5, -5/33 HPs)
             Began as a Gargoyle Fighter on Dec 13, 2021.
             Slain by Menkaure (13 damage)
             ... on level 4 of the Dungeon on Dec 14, 2021.
             The game lasted 00:04:13 (3452 turns).

bande the Skirmisher (Gargoyle Fighter)             Turns: 3452, Time: 00:04:15

Health: -5/33      AC: 14    Str: 20    XL:     5   Next: 31%
Magic:  5/5        EV:  7    Int:  8    God:
Gold:   183        SH:  5    Dex: 11    Spells: 4/4 levels left

rFire   . . .      SeeInvis .   a - +1 war axe
rCold   . . .      Faith    .   c - +1 buckler
rNeg    + . .      Spirit   .   j - +0 chain mail
rPois   ∞          Reflect  .   l - +0 helmet
rElec   +          Harm     .   (no cloak)
rCorr   .          Rampage  .   (no gloves)
Will    .....                   (no boots)
Stlth   ..........              (no amulet)
HPRegen 0.11/turn               (no ring)
MPRegen 0.09/turn               (no ring)

@: no status effects
A: sickness immunity, AC +4, negative energy resistance 1, electricity
resistance, torment resistance 1, petrification resistance
a: no special abilities


You were on level 4 of the Dungeon.
You visited 1 branch of the dungeon, and saw 4 of its levels.

You collected 183 gold pieces.

Inventory:

Hand Weapons
 a - a +1 war axe (weapon)
Armour
 c - a +1 buckler (worn)
 j - a +0 chain mail (worn)
 k - a +2 leather armour of fire resistance
 l - a +0 helmet (worn)
Wands
 b - a wand of iceblast (6)
Scrolls
 i - a scroll of enchant armour
Potions
 d - a potion of might
 e - 5 potions of curing
 f - a potion of mutation {unknown}
 g - a potion of attraction {unknown}
 h - a potion of resistance {unknown}


   Skills:
 + Level 3.9 Fighting
 + Level 3.6 Axes
 + Level 3.9 Armour
 + Level 3.9 Shields


You had 4 spell levels left.
You didn't know any spells.
Your spell library contained the following spells:

 Spells                   Type           Power      Damage    Failure   Level
 Magic Dart               Conj           0%         1d3       99%         1
 Ensorcelled Hibernation  Hex/Ice        0%         N/A       100%        2
 Passwall                 Tmut/Erth      0%         N/A       100%        2
 Searing Ray              Conj           0%         2d4       100%        2
 Spider Form              Tmut/Pois      0%         N/A       100%        3
 Swiftness                Air            0%         N/A       100%        3
 Fulminant Prism          Conj/Hex       0%         3d6       100%        4


Dungeon Overview and Level Annotations

Branches:
Dungeon (4/15)
 Temple: D:4-7

Altars:

Shops:
D:1 (

Annotations:
D:4 Menkaure


Innate Abilities, Weirdness & Mutations

You are immune to sickness and miasma.
Your stone body is resilient. (AC +4)
You are immune to poison.
You resist negative energy. (rN+)
You are resistant to electric shocks. (rElec)
You are resistant to unholy torment.
You are immune to petrification.


Message History

No target in view!
HP restored.
You now have 183 gold pieces (gained 10).
There is a stone staircase leading down here.
Menkaure, Prince of Dust comes into view.
Menkaure shouts!
You hear the sound of rushing water.
There is an entrance to a sewer on this level.
Hurry and find it before the portal rusts away!
Level annotation: Menkaure Welcome back, bande the Gargoyle Fighter.
Press ? for a list of commands and other information.
You hit Menkaure but do no damage.
Menkaure casts a spell.
Menkaure seems to speed up.
You hit Menkaure.
Menkaure is lightly damaged.
You hear the slow rusting of a very distant drain.
You block Menkaure's attack.
You hit Menkaure.
Menkaure is moderately damaged.
Menkaure closely misses you. You block Menkaure's attack.
You barely miss Menkaure.
Menkaure is moderately damaged.
Menkaure barely misses you. Menkaure casts a spell at you.
Pain shoots through your body!
You completely miss Menkaure.
Menkaure is moderately damaged.
Menkaure calls on the powers of darkness!
Your body is wracked with pain!
You hit Menkaure.
Menkaure is heavily damaged.
Menkaure closely misses you. Menkaure hits you.
You slash Menkaure!
Menkaure is almost destroyed.
Menkaure hits you!!
Ouch! That really hurt!
* * * LOW HITPOINT WARNING * * *
Menkaure hits you!
You die...

#........## #.........
. #........# .#
#........#..#
#........#.#
##..........#.. ..#
#....M........
#..##.....@...# ..
#.......##.$###...
........## ##..#.....
.....##...###.>........
.....#..........###....
.......#.....#..# ..
............##..#
.....#...#..##..#
.)....#..#..##..#


You could see Menkaure (fast).

Vanquished Creatures
  Ijyb (D:3)
  3 gnolls (D:3)
  An adder (D:3)
  An adder skeleton (D:4)
  A worm (D:2)
  A dart slug (D:1)
  5 orcs (D:3)
  5 endoplasms
  5 giant cockroaches
  4 hobgoblins
  4 jackals
  2 kobolds (D:1)
  2 quokkas
  12 ball pythons
  4 bats
  6 frilled lizards
  9 goblins
  4 rats
70 creatures vanquished.

Notes
Turn   | Place    | Note
-------+----------+-------------------------------------------
     0 | D:1      | bande the Gargoyle Fighter began the quest for the Orb.
     0 | D:1      | Reached XP level 1. HP: 14/14 MP: 1/1
   198 | D:1      | Found Acve Kedio's Antique Weapon Shop.
   289 | D:1      | Reached XP level 2. HP: 19/19 MP: 2/2
   711 | D:1      | Reached XP level 3. HP: 23/23 MP: 3/3
  1222 | D:2      | Found a faded altar of an unknown god.
  1982 | D:3      | Reached XP level 4. HP: 23/29 MP: 4/4
  2567 | D:3      | Reached XP level 5. HP: 9/33 MP: 5/5
  2833 | D:3      | Noticed Ijyb
  2863 | D:3      | Killed Ijyb
  3443 | D:4      | Noticed Menkaure
  3444 | D:4      | Upgraded the game from 0.28-a0-1143-gcf6077d4cc to
                  | 0.28-a0-1152-g9c71ebef14
  3452 | D:4      | Slain by Menkaure

Illustrated notes

Levels and vault maps discovered:
D:1:      elethiomel_arrival_shortcut, layout_basic, serial_shops, shop
D:2:      layout_basic, nicolae_ecumenical_snake_handling
D:3:      layout_basic, grunt_ministairs_14, uniq_ijyb
D:4:      layout_rooms, nicolae_overflow_hallway_of_the_gods,
          lightli_sewer_entry_pipes, hangedman_decor_opposing,
          nicolae_elevator_lobby_asterisk, uniq_eustachio, uniq_menkaure

Skill      XL: |  1  2  3  4 |
---------------+-------------+-----
Axes           | 2 3 |  3.6
Fighting       | |  3.9
Armour         | |  3.9
Shields        | |  3.9

Action                   |  1- 3 |  4- 6 || total
-------------------------+-------+-------++-------
Melee: War axe           |   105 |    87 ||   192
  Use: Scroll            |     4 |       ||     4
Armor: Scale mail        |    47 |       ||    47
       Chain mail        |    29 |    63 ||    92
Dodge: Dodged            |    41 |    37 ||    78
Block: Buckler           |    31 |    24 ||    55

Table legend: (Time is in decaauts)
 A = Elapsed time spent in this place.
 B = Non-inter-level travel time spent in this place.
 C = Inter-level travel time spent in this place.
 D = Time resting spent in this place.
 E = Time spent auto-exploring this place.
 F = Levels seen in this place.
 G = Mean time per level.
                   A        B        C        D        E       F      G
               +--------+--------+--------+--------+--------+-----+--------+
         Total |   3521 |   3470 |     51 |    698 |   2190 |   4 |  880.2 |
       Dungeon |   3521 |   3470 |     51 |    698 |   2190 |   4 |  880.2 |
               +--------+--------+--------+--------+--------+-----+--------+

Top non-repeatable levels by time:
     D:3: 1511 daAuts
     D:1: 1077 daAuts
     D:2: 875 daAuts
     D:4: 56 daAuts
